 Dungeon Crawl Stone Soup version 0.25.0-9-g26727b657a (webtiles) character file.

Game seed: 15801733777284073909

338 Esekla the Magician (level 6, -1/29 HPs)
             Began as a Spriggan Necromancer on June 16, 2020.
             Was a Believer of Jiyva.
             Killed by divine providence
             ... invoked by an orc priest
              (8 damage)
             ... on level 4 of the Dungeon on June 17, 2020.
             The game lasted 00:19:13 (3865 turns).

Esekla the Magician (Spriggan Necromancer)          Turns: 3865, Time: 00:19:13

Health: -1/29      AC:  2    Str:  6    XL:     6   Next: 29%
Magic:  6/15       EV: 19    Int: 23    God:    Jiyva [**....]
Gold:   130        SH:  0    Dex: 16    Spells: 12/16 levels left

rFire    . . .     SeeInvis +   h - +2 short sword (venom)
rCold    . . .     Gourm    .   (shield restricted)
rNeg     . . .     Faith    .   a - +0 robe
rPois    .         Spirit   .   (helmet restricted)
rElec    .         Reflect  .   (no cloak)
rCorr    .         Harm     .   (gloves unavailable)
MR       +....                  (boots unavailable)
Stlth    +++.......             (no amulet)
HPRegen  0.09/turn              k - +6 ring of intelligence
MPRegen  0.14/turn              (no ring)

@: very quick
A: very small, unfitting armour, see invisible, herbivore, speed 3, slow
metabolism 2
a: Request Jelly, Renounce Religion


You were on level 4 of the Dungeon.
You worshipped Jiyva.
Jiyva was pleased with you.
You were not hungry.

You visited 1 branch of the dungeon, and saw 4 of its levels.

You collected 130 gold pieces.

Inventory:

Hand Weapons
 h - a +2 short sword of venom (weapon)
 w - a +0 spear
Missiles
 i - 38 poisoned darts (quivered)
 r - 2 boomerangs
Armour
 a - a +0 robe (worn)
Jewellery
 k - a +6 ring of intelligence (left hand)
 n - an uncursed ring of ice
 o - an uncursed ring of magical power {unknown}
Scrolls
 d - a scroll of teleportation {unknown}
 f - a scroll of random uselessness {unknown}
 j - 3 scrolls of amnesia {unknown}
 l - 4 scrolls of magic mapping {unknown}
 m - 2 scrolls of identify {unknown}
 p - 2 scrolls of enchant armour {unknown}
 q - 4 scrolls of fear {unknown}
 v - a scroll of enchant weapon {unknown}
Potions
 b - 4 potions of curing {unknown}
 e - a potion of lignification {unknown}
 g - a potion of invisibility {unknown}
 s - a potion of brilliance {unknown}
 t - 2 potions of heal wounds {unknown}
 u - a potion of stabbing {unknown}
Comestibles
 c - 6 rations


   Skills:
 + Level 0.3 Fighting
 * Level 2.7 Short Blades
 * Level 4.1 Dodging
 + Level 3.7 Stealth
 * Level 5.7 Spellcasting
 + Level 4.5 Necromancy


You had 12 spell levels left.
You knew the following spells:

 Your Spells              Type           Power        Failure   Level  Hunger
a - Pain                  Necr           ####         1%          1    None
d - Vampiric Draining     Necr           ####......   4%          3    #......

Your spell library contained the following spells:

 Spells                   Type           Power        Failure   Level  Hunger
 Animate Skeleton         Necr           N/A          1%          1    None
 Animate Dead             Necr           N/A          14%         4    ###....
 Agony                    Necr           ####....     36%         5    #####..


Dungeon Overview and Level Annotations

Branches:
Dungeon (4/15)
 Temple: D:4-7

Altars:
Dithmenos
Gozag
Okawaru
The Shining One
Jiyva

Shops:
D:2 *

Annotations:
D:3 2 transporters
D:4 2 transporters, Raspi's ghost, amateur GrFi


Innate Abilities, Weirdness & Mutations

You are very small and have problems with some larger weapons.
You are too small for most types of armour.
You have supernaturally acute eyesight. (SInv)
You are a herbivore.
You cover ground extremely quickly.
You need to consume almost no food.


Message History

Aiming: Vampiric Draining (dangerous; 4% risk of failure)
Press: ? - help, Shift-Dir - straight line, f - adder
Aim: an adder The adder is heavily wounded.
You feel life coursing into your body. The adder bites you.
The orc hits you but does no damage.
Casting: Vampiric Draining (dangerous; 4% risk of failure)
Confirm with . or Enter, or press ? or * to list all spells.
Aiming: Vampiric Draining (dangerous; 4% risk of failure)
Press: ? - help, Shift-Dir - straight line, f/p - adder
Aim: an adder (heavily wounded)
You kill the adder!
You feel life coursing into your body.
The orc priest calls down the wrath of Beogh upon you.
Beogh smites you!
* * * LOW HITPOINT WARNING * * *
The orc barely misses you.
The orc priest mumbles some strange prayers to Beogh against you.
Beogh smites you!
You die...

##.........#
#.......>.##
##........## .
#.........# #..
#........######...#
#................##
###...#..†..oS.o..#
#####o######.....
#@o# ... #!## .
###.## #....#
#..)...# #
#.........# ##
#.........## .##
#..........# ..##
#..........##


You could see an orc priest and an orc.

Vanquished Creatures
  A water moccasin skeleton (D:4)
  A howler monkey (D:3)
  A hound (D:3)
  2 orc wizards (D:4)
  A worker ant (D:3)
  An iguana (D:4)
  4 gnolls (D:2)
  2 adders
  A dart slug (D:1)
  A worm (D:3)
  A leopard gecko (D:3)
  4 orcs (D:4)
  2 ball pythons
  2 bats (D:3)
  5 giant cockroaches
  6 goblins
  7 hobgoblins
  3 jackals (D:3)
  2 kobolds (D:3)
  2 quokkas
  A frilled lizard (D:3)
  A leopard gecko skeleton (D:4)
  4 rats
55 creatures vanquished.

Vanquished Creatures (others)
  2 adders (D:2)
  A worm (D:2)
  A goblin (D:3)
4 creatures vanquished.

Grand Total: 59 creatures vanquished

Notes
Turn   | Place    | Note
-------+----------+-------------------------------------------
     0 | D:1      | Esekla the Spriggan Necromancer began the quest for the
                  | Orb.
     0 | D:1      | Reached XP level 1. HP: 9/9 MP: 5/5
   186 | D:1      | Reached skill level 3 in Spellcasting
   574 | D:2      | Reached XP level 2. HP: 7/13 MP: 2/7
   891 | D:3      | Reached XP level 3. HP: 11/16 MP: 2/9
   953 | D:3      | Learned a level 3 spell: Vampiric Draining
  1015 | D:3      | Found an iron altar of Okawaru.
  1081 | D:3      | Found a transporter.
  1082 | D:3      | Found a transporter.
  1142 | D:3      | Reached skill level 4 in Spellcasting
  1142 | D:3      | Reached XP level 4. HP: 19/21 MP: 6/11
  1241 | D:4      | Reached skill level 1 in Short Blades
  1675 | D:4      | Noticed Raspi's ghost (amateur GrFi)
  1676 | D:4      | Found a transporter.
  1712 | D:4      | Reached skill level 5 in Spellcasting
  1712 | D:4      | Reached XP level 5. HP: 24/24 MP: 11/13
  2096 | D:3      | Found a faded altar of an unknown god.
  2167 | D:2      | Found a shadowy altar of Dithmenos.
  2243 | D:3      | Became a worshipper of Jiyva Jastoaxt the Shapeless
  2243 | D:3      | Reached * piety under Jiyva
  2434 | D:3      | Found a glowing golden altar of the Shining One.
  2850 | D:2      | Reached XP level 6. HP: 28/28 MP: 15/15
  2887 | D:2      | Reached ** piety under Jiyva
  2984 | D:2      | Found an opulent altar of Gozag.
  2987 | D:2      | Found Gozag's Platinum Reserve.
  3671 | D:4      | Found a transporter.
  3865 | D:4      | Killed from afar by an orc priest

Illustrated notes

Levels and vault maps discovered:
D:1:      lightli_arrival_maybe_door_vault, layout_basic, minmay_misc_feat_room,
          minmay_misc_feat_doors
D:2:      layout_rooms, grunt_dithmenos_smoke, nicolae_gozag_zags_fifth_avenue
D:3:      gammafunk_steamed_eel, layout_basic, lemuel_doored_altar,
          chequers_ecumenical_altar_twisty, tso_altar
D:4:      layout_cave_pods, gammafunk_ghost_arena, uniq_duvessa

Skill      XL: |  1  2  3  4  5  6 |
---------------+-------------------+-----
Spellcasting   | 3 4 5 |  5.7
Necromancy     | 4 |  4.5
Short Blades   | 1 2 |  2.7
Dodging        | 4 |  4.1
Fighting       | |  0.3
Stealth        | |  3.7

Action                   |  1- 3 |  4- 6 || total
-------------------------+-------+-------++-------
Melee: Short sword       |     4 |   103 ||   107
Throw: Dart              |       |     2 ||     2
 Cast: Pain              |    28 |     1 ||    29
       Vampiric Draining |     1 |    12 ||    13
 Stab: Sleeping          |     2 |     5 ||     7
       Distracted        |       |     1 ||     1
Armor: Robe              |       |     5 ||     5
Dodge: Dodged            |     3 |    78 ||    81
